Match 42877494
Unlisted

Match 42877494
End
Vickers Machine Gun Team
Construct Section Command Post
ML 3-inch Mortar Team
Infantry Section
Grenade Package
Infantry Section
Selects Australian Defense Battlegroup
Selects Australian Light Infantry Section
Selects 2-pounder Anti-tank Gun Team
2-pounder Anti-tank Gun Team
Construct Platoon Command Post
Construct Company Command Post
Selects CMP 15cwt Supply Run
CMP 15cwt Supply Run
Matilda II Heavy Tank
Australian Light Infantry Section
Royal Engineer Section
Infantry Training
Royal Engineer Section
Unlock M3 Grant Medium Tanks
M3 Grant Medium Tank
Armored Vehicle Training
Unlock Bishop Self-propelled Artillery
Selects Vehicle Over Repair
M3 Grant Medium Tank
Bishop Self-propelled Artillery
digitalvadim
SneaKerz
gb_gbg
lamasroman580
TheLolkPlays
Error
Escobar
Phantom
0
0

Comments sign in to comment!

No comments posted yet!